 Dungeon Crawl Stone Soup version 0.30-a0-263-ge22c4ad894 (webtiles) character file.

Game seed: 4030825099209194809

1694 gzilladon the Cleaver (level 9, -2/75 HPs)
             Began as a Hill Orc Monk on Oct 13, 2022.
             Slain by Joseph
             ... wielding a +2 vorpal quarterstaff
              (10 damage)
             ... on level 7 of the Dungeon.
             The game lasted 00:20:17 (6507 turns).

gzilladon the Cleaver (Hill Orc Monk)               Turns: 6507, Time: 00:20:18

Health: -2/75      AC: 17    Str: 18    XL:     9   Next: 2%
Magic:  9/9        EV:  6    Int: 10    God:
Gold:   344        SH:  0    Dex: 13    Spells: 8/8 levels left

rFire   . . .      SeeInvis .    a - +0 hand axe
rCold   . . .      Faith    .    (no shield)
rNeg    . . .      Spirit   .    J - +0 plate armour
rPois   +          Reflect  .    K - +1 helmet
rElec   .          Harm     .    p - +0 cloak
rCorr   .          Rampage  .    (no gloves)
Will    .....                    l - +2 pair of boots
Stlth   ..........               (no amulet)
HPRegen 0.32/turn                D - ring of poison resistance
MPRegen 0.11/turn                (no ring)

@: no status effects
A: no striking features
a: no special abilities


You were on level 7 of the Dungeon.
You visited 1 branch of the dungeon, and saw 7 of its levels.

You collected 344 gold pieces.

Inventory:

Hand Weapons
 a - a +0 hand axe (weapon)
 C - the +1 mace of Slow Death {freeze, rF+}
   (You found it on level 4 of the Dungeon)

   It freezes those it strikes, dealing additional cold damage.
   It can also slow down cold-blooded creatures.
   rF:        It protects you from fire.
Missiles
 m - 52 stones (quivered)
Armour
 b - a +0 robe
 l - a +2 pair of boots (worn)
 p - a +0 cloak (worn)
 q - a +0 leather armour
 s - the +1 leather armour of Iwin {rElec rN+}
   (You found it on level 2 of the Dungeon)

   rElec:     It insulates you from electricity.
   rN:        It protects you from negative energy.
 J - a +0 plate armour (worn)
 K - a +1 helmet (worn)
Magical Staves
 n - a staff of conjuration
 w - a staff of earth
Jewellery
 y - an amulet of the acrobat
 D - a ring of poison resistance (left hand)
Wands
 u - a wand of flame (29)
 I - a wand of mindburst (17)
Scrolls
 f - 2 scrolls of magic mapping {unknown}
 g - 3 scrolls of identify {unknown}
 k - a scroll of enchant weapon {unknown}
 o - 2 scrolls of poison {unknown}
 r - 2 scrolls of enchant armour {unknown}
 t - 4 scrolls of blinking {unknown}
 B - a scroll of butterflies {unknown}
 F - a scroll of summoning {unknown}
 G - a scroll of noise {unknown}
 H - a scroll of vulnerability {unknown}
 L - a scroll of silence {unknown}
Potions
 c - a potion of ambrosia
 d - 2 potions of resistance {unknown}
 e - 2 potions of lignification {unknown}
 h - 4 potions of heal wounds {unknown}
 i - a potion of haste {unknown}
 j - 2 potions of mutation {unknown}
 v - a potion of flight {unknown}
 x - 2 potions of berserk rage
 z - a potion of magic {unknown}
 A - a potion of degeneration {unknown}
 E - a potion of invisibility


   Skills:
 + Level 6.1 Fighting
 * Level 12.1 Axes
 + Level 0.1 Throwing
 + Level 3.1 Armour
 + Level 4.0 Dodging
 + Level 2.2 Stealth


You had 8 spell levels left.
You didn't know any spells.
Your spell library contained the following spells:

 Spells                   Type           Power      Damage    Failure   Level
 Foxfire                  Conj/Fire      0%         2x1d4     100%        1
 Poisonous Vapours        Pois/Air       0%         N/A       100%        2
 Scorch                   Fire           0%         2d5       100%        2
 Frozen Ramparts          Ice            0%         1d1       100%        3
 Hailstorm                Conj/Ice       0%         3d3       100%        3
 Ozocubu's Armour         Ice            0%         N/A       100%        3
 Flame Wave               Conj/Fire      0%         2d4       100%        4
 Ice Form                 Ice/Tmut       0%         N/A       100%        4
 Summon Ice Beast         Ice/Summ       0%         N/A       100%        4
 Iskenderun's Battlesphe  Conj           0%         2d6       100%        5
 Metabolic Englaciation   Hex/Ice        0%         N/A       100%        5
 Simulacrum               Ice/Necr       0%         N/A       100%        6
 Summon Cactus Giant      Summ           0%         N/A       100%        6


Dungeon Overview and Level Annotations

Branches:
Dungeon (7/15)             Temple (0/1) D:5

Altars:
Fedhas
Okawaru
Ru
Wu Jian
Yredelemnul

Annotations:
D:7 Joseph


Message History

Found a long sword.
Joseph, a Mercenary comes into view.
He is wielding a +2 vorpal quarterstaff.
Joseph shouts!
Joseph unwields a +2 vorpal quarterstaff.
Joseph wields a +0 sling.
Joseph shoots a sling bullet.
The sling bullet completely misses you.
Found a copper ring.
Found a stone staircase leading down.
Joseph drinks a potion.
Joseph flickers and vanishes!
Deactivating autopickup; reactivate with Ctrl-A.
You slash something! You closely miss something. Something hits you.
You miss something. You miss something. Something hits you!
You hit something but do no damage. Something hits you.
You closely miss something. You hit something but do no damage.
Something hits you but does no damage.
You miss something. Something hits you but does no damage.
You barely miss something. Something hits you.
You slash something! You barely miss something. Something hits you!
You hit something. Something hits you.
You miss something. You slash something! Something hits you.
You hit something. Something hits you!
You closely miss something. You completely miss something.
Something hits you but does no damage.
You barely miss something. Something hits you.
* * * LOW HITPOINT WARNING * * *
x2 You closely miss something.
You miss something. Something hits you.
* * * LOW HITPOINT WARNING * * *
x2 You hit something.
Something hits you.
* * * LOW HITPOINT WARNING * * *
x2 You hit something.
You miss something. Something hits you but does no damage.
You miss something. Something hits you but does no damage.
You barely miss something. Something hits you but does no damage.
You miss something. You hit something. Something hits you!
You die...

#.#.#.......#.#.##..<.#
#.#.####.####.#....?.....#
#.#.. .... ..#..........#
#.######.######.........##
#..###...#............##..
##.).........##....#... ..
######.#.#...##..##... .
###......... .....
#@...#... #...{.......
...............
...............
...>....)......
...............
...=...........
...............


There were no monsters in sight!

Vanquished Creatures
  A steam dragon (D:6)
  Menkaure (D:4)
  2 water moccasins
  An ice beast (D:6)
  3 ogres
  A centaur (D:5)
  2 phantoms
  A necrophage (D:5)
  2 scorpions (D:4)
  5 hounds
  Jessica (D:3)
  An iguana (D:6)
  5 orc wizards
  5 adders
  2 ufetubi
  3 worms (D:2)
  5 dart slugs
  17 orcs
  11 ball pythons
  3 bats
  8 endoplasms
  A giant cockroach (D:4)
  6 goblins
  9 hobgoblins
  4 jackals (D:2)
  2 quokkas
  2 frilled lizards (D:1)
  5 kobolds
  2 rats (D:2)
111 creatures vanquished.

Vanquished Creatures (others)
  A plant (D:3)
1 creature vanquished.

Grand Total: 112 creatures vanquished

Notes
Turn   | Place    | Note
-------+----------+-------------------------------------------
     0 | D:1      | gzilladon the Hill Orc Monk began the quest for the Orb.
     0 | D:1      | Reached XP level 1. HP: 19/19 MP: 1/1
   220 | D:1      | Reached XP level 2. HP: 27/27 MP: 2/2
   604 | D:1      | Found a faded altar of an unknown god.
   683 | D:1      | Got Doinop's Quarto of Confrontation and the Tempest
  1001 | D:2      | Reached XP level 3. HP: 30/33 MP: 3/3
  1052 | D:2      | Reached skill level 5 in Axes
  1516 | D:2      | Reached XP level 4. HP: 40/40 MP: 4/4
  1543 | D:2      | Identified the +1 leather armour of Iwin {rElec rN+}
  1835 | D:3      | Noticed Jessica
  1848 | D:3      | Killed Jessica
  1849 | D:3      | Reached skill level 6 in Axes
  2355 | D:3      | Identified the +7 spear of Sioqeu {vorpal, rCorr}
  2797 | D:4      | Noticed Menkaure
  2812 | D:4      | Killed Menkaure
  2813 | D:4      | Reached skill level 7 in Axes
  2813 | D:4      | Reached skill level 1 in Armour
  2813 | D:4      | Reached XP level 5. HP: 14/47 MP: 5/5
  2813 | D:4      | Reached XP level 6. HP: 16/53 MP: 6/6
  3251 | D:4      | Reached skill level 8 in Axes
  3251 | D:4      | Reached XP level 7. HP: 52/60 MP: 7/7
  3388 | D:4      | Reached skill level 5 in Fighting
  3585 | D:4      | Identified the +1 mace of Slow Death {freeze, rF+}
  3644 | D:4      | Reached skill level 9 in Axes
  3824 | D:5      | Entered Level 5 of the Dungeon
  4115 | D:5      | Found a staircase to the Ecumenical Temple.
  4338 | D:5      | Found an iron altar of Okawaru.
  4380 | D:5      | Reached skill level 10 in Axes
  4380 | D:5      | Reached XP level 8. HP: 36/68 MP: 8/8
  4628 | D:5      | Found an ornate altar of the Wu Jian Council.
  5126 | D:6      | Found a basalt altar of Yredelemnul.
  5143 | D:6      | Found a blossoming altar of Fedhas.
  5242 | D:6      | Reached skill level 11 in Axes
  6404 | D:7      | Noticed a yak
  6409 | D:7      | Noticed a yak
  6409 | D:7      | Noticed a yak
  6410 | D:7      | Noticed a yak
  6411 | D:7      | Noticed a yak
  6423 | D:6      | Reached skill level 12 in Axes
  6423 | D:6      | Reached XP level 9. HP: 75/75 MP: 9/9
  6445 | D:7      | Found a sacrificial altar of Ru.
  6477 | D:7      | Noticed Joseph
  6507 | D:7      | Slain by Joseph

Illustrated notes

Levels and vault maps discovered:
D:1:      reono_arrival_forest_river, layout_loops_ring,
          hellmonk_ecumenical_altar_leap_of_faith
D:2:      layout_basic, serial_aquarium, aquarium_bridge_square
          [aquarium_subvault_bridge, aquarium_subvault_bridge,
          aquarium_subvault_bridge, aquarium_subvault_wall], aquarium_window_1,
          aquarium_window_fake, aquarium_view_2e, aquarium_balcony_1b
D:3:      layout_basic, serial_bayou_pond_d, saegor_snake_ambush, uniq_jessica
D:4:      minmay_chambers_of_threes, layout_basic, item_on_display_b,
          uniq_menkaure
D:5:      layout_basic, nicolae_wu_jian_wuxing_cycle, okawaru_trees_2,
          minmay_temple_entry_wispy, grunt_decor_arrowhead
D:6:      layout_basic, mainiacjoe_overflow_catwalk_spiral,
          chequers_serial_rivers_small_a, minmay_between
D:7:      layout_cave_pools, nicolae_ru_sacrificial_ziggurat, serial_shops,
          shop, uniq_crazy_yiuf_cottage, uniq_joseph

Skill      XL: |  1  2  3  4  5  6  7  8 |
---------------+-------------------------+-----
Fighting       | 4 5 6 |  6.1
Axes           | 5 7 8 10 12 | 12.1
Armour         | 1 2 3 |  3.1
Dodging        | 3 4 |  4.0
Stealth        | 2 |  2.2
Throwing       | |  0.1

Action                   |  1- 3 |  4- 6 |  7- 9 || total
-------------------------+-------+-------+-------++-------
Melee: Hand axe          |   130 |   127 |   303 ||   560
       Punch             |     1 |     1 |     5 ||     7
Throw: Stone             |       |       |     2 ||     2
 Stab: Sleeping          |     2 |       |       ||     2
Armor: Robe              |    13 |       |       ||    13
       Leather armour    |    28 |    56 |    93 ||   177
       Plate armour      |       |       |    20 ||    20
Dodge: Dodged            |    94 |    72 |   124 ||   290

Table legend: (Time is in decaauts)
 A = Elapsed time spent in this place.
 B = Non-inter-level travel time spent in this place.
 C = Inter-level travel time spent in this place.
 D = Time resting spent in this place.
 E = Time spent auto-exploring this place.
 F = Levels seen in this place.
 G = Mean time per level.
                   A        B        C        D        E       F      G
               +--------+--------+--------+--------+--------+-----+--------+
         Total |   6482 |   5090 |   1392 |   1065 |      0 |   7 |  926.0 |
       Dungeon |   6482 |   5090 |   1392 |   1065 |      0 |   7 |  926.0 |
               +--------+--------+--------+--------+--------+-----+--------+

Top non-repeatable levels by time:
     D:6: 1308 daAuts
     D:5: 1252 daAuts
     D:4: 1143 daAuts
     D:2: 1110 daAuts
     D:3: 860 daAuts
     D:1: 737 daAuts
     D:7: 68 daAuts
